 Dungeon Sprint DCSS version 0.27.1-33-g824d729ab1 (webtiles) character file.

Game seed: 1295147424793925

105 manyhoops the Cleaver (level 4, -2/40 HPs)
             Began as a Deep Dwarf Berserker on Nov 28, 2021.
             Was a Follower of Trog.
             Slain by Sigmund (13 damage)
             ... in the Dungeon (Sprint I: "Red Sonja").
             The game lasted 00:00:21 (104 turns).

manyhoops the Cleaver (Deep Dwarf Berserker)         Turns: 104, Time: 00:00:21

Health: -2/40      AC:  2    Str: 21    XL:     4   Next: 54%
Magic:  4/4        EV: 12    Int:  8    God:    Trog [*.....]
Gold:   54         SH:  0    Dex: 12    Spells: 3/3 levels left

rFire    . . .     SeeInvis .   a - +0 hand axe
rCold    . . .     Faith    .   (no shield)
rNeg     . . .     Spirit   .   b - +0 animal skin
rPois    .         Reflect  .   (no helmet)
rElec    .         Harm     .   (no cloak)
rCorr    .         Rampage  .   (no gloves)
Will     .....     NoTele   +   (no boots)
Stlth    +.........             (no amulet)
HPRegen  0.00/turn              (no ring)
MPRegen  0.09/turn              (no ring)

@: on berserk cooldown, slowed, very slow
A: damage resistance, heal wounds, sense surroundings 1, no regeneration
a: Heal Wounds, Renounce Religion, Berserk


You were in the Dungeon.
You worshipped Trog.
Trog was aware of your devotion.
You visited 1 branch You collected 54 gold pieces.

Inventory:

Hand Weapons
 a - a +0 hand axe (weapon)
Armour
 b - a +0 animal skin (worn)
Scrolls
 h - a scroll of blinking
Potions
 d - a potion of heal wounds
 e - a potion of haste
 f - 2 potions of magic
 g - a potion of berserk rage


   Skills:
 - Level 2.6 Fighting
 - Level 10.4 Axes
 + Level 2.1 Armour
 - Level 2.1 Dodging


You had 3 spell levels left.
You didn't know any spells.
Your spell library was empty.

Dungeon Overview and Level Annotations

Branches:
Dungeon (1/1)

Altars:

Annotations:
D Sigmund


Innate Abilities, Weirdness & Mutations

You are resistant to damage.
You can heal yourself by infusing magical energy.
You passively map a small area around you.
You do not regenerate.


Message History

You feel yourself slow down.
You start waiting.
You feel yourself speed up.
There is an open door, spattered with blood here.
Things that are here:
a +0 giant club; an ogre corpse You start waiting.
You recover from your berserk rage.
You open the door.
Found 54 gold pieces.
There is an open door here.
You now have 27 gold pieces.
You now have 54 gold pieces (gained 27).
There is an open door here.
You open the door.
Sigmund the Dreaded comes into view.
He is wielding a +0 scythe.
Sigmund shouts!
Sigmund casts a spell at you. The puff of flame misses you.
A red film seems to cover your vision as you go berserk!
You feel yourself moving faster!
You feel mighty! Sigmund casts a spell at you.
You are confused.
You feel a strong urge to attack something.
Sigmund hits you from afar with a +0 scythe.
There is an open door here.
You bump into the stone wall.
You feel your anger nearly subside.
You are no longer berserk.
You are exhausted.
You feel yourself slow down. Sigmund barely misses you.
Sigmund hits you with a +0 scythe.
You bump into the rock wall.
Sigmund hits you with a +0 scythe!
* * * LOW HITPOINT WARNING * * *
You miss Sigmund.
You bump into the closed door.
You feel less confused. Sigmund hits you with a +0 scythe.
* * * LOW HITPOINT WARNING * * *
You feel better. Sigmund hits you with a +0 scythe!
You die...

#############*
#<.#..)..#.@+
* ,
#..)..#..'.@#,
, ,
#..#####'####
_ #..# #..# ,
, * #..# ####
#..#_ * *_ ,
#⌠⌠# ,, _
####_,,_ , +
*,, _ *


You could see Sigmund.

Vanquished Creatures
  An ogre (D)
  Ijyb (D)
2 creatures vanquished.

Notes
Turn   | Place    | Note
-------+----------+-------------------------------------------
     0 | D        | manyhoops the Deep Dwarf Berserker began the quest for the
                  | Orb.
     0 | D        | Reached XP level 1. HP: 20/20 MP: 1/1
     1 | D        | Noticed Ijyb
     8 | D        | Killed Ijyb
     9 | D        | Reached skill level 7 in Axes
     9 | D        | Reached XP level 2. HP: 27/27 MP: 2/2
    50 | D        | Noticed an ogre
    54 | D        | Killed an ogre
    55 | D        | Reached skill level 10 in Axes
    55 | D        | Reached XP level 3. HP: 27/33 MP: 3/3
    55 | D        | Reached XP level 4. HP: 33/40 MP: 4/4
    95 | D        | Noticed Sigmund
   104 | D        | Slain by Sigmund

Illustrated notes

Levels and vault maps discovered:
D:        dungeon_sprint_1 [red_sonja_temple_1, red_sonja_temple_small_1]

Skill      XL: |  1  2 |
---------------+-------+-----
Axes           | 7 10 | 10.4
Fighting       | |  2.6
Armour         | |  2.1
Dodging        | |  2.1

Action                   |  1- 3 |  4- 6 || total
-------------------------+-------+-------++-------
Melee: Hand axe          |     9 |     1 ||    10
Invok: Berserk           |     2 |     1 ||     3
  Use: Potion            |       |     1 ||     1
Dodge: Dodged            |     2 |     2 ||     4
